 Dungeon Crawl Stone Soup version 0.16-a0-4048-g245e628 (webtiles) character file.

7 timbw the Caller (level 1, 0/7 HPs)
             Began as a Felid Summoner on Feb 19, 2015.
             Slain by a bat (1 damage)
             ... on level 2 of the Dungeon.
             The game lasted 00:00:58 (238 turns).

timbw the Caller (Felid Summoner)                    Turns: 238, Time: 00:00:58

Health: 0/7        AC:  1    Str:  4    XL:     1   Next: 91%
Magic:  1/4        EV: 18    Int: 16    God:
Gold:   33         SH:  0    Dex: 16    Spells: 1 memorised, 3 levels left
                                        Lives:  0   Deaths: 0

rFire  . . .     SeeInvis +     (weapon unavailable)
rCold  . . .     Clarity  .     (armour unavailable)
rNeg   . . .     SustAb   .     (shield unavailable)
rPois  .         Gourm    .     (helmet unavailable)
rElec  .         Spirit   .     (cloak unavailable)
rCorr  .         Warding  .     (gloves unavailable)
rMut   .         Stasis   .     (boots unavailable)
MR     .....                    (no amulet)
Stlth  +++.......               (no ring)
                                (no ring)

@: quick, not resistant to hostile enchantments, fairly stealthy
A: paw claws, no armour, no weapons or thrown items, fangs 3, see invisible,
carnivore 3, speed 1, shaggy fur 1, slow metabolism 1, sharp paws
a: no special abilities


You were on level 2 of the Dungeon.
You were full.

You visited 1 branch of the dungeon, and saw 2 of its levels.

You collected 33 gold pieces.

Inventory:

Scrolls
 d - a scroll of teleportation {unknown}
Potions
 a - a potion of beneficial mutation {unknown}
 e - a potion of lignification {unknown}
 f - 2 potions of degeneration {unknown}
Books
 b - a book of Callings

   Spells                             Type                      Level
   a - Summon Small Mammal            Summoning                    1
   b - Call Imp                       Summoning                    2
   c - Call Canine Familiar           Summoning                    3
   d - Summon Guardian Golem          Hexes/Summoning              4
   e - Summon Lightning Spire         Summoning/Air                4
   f - Summon Ice Beast               Ice/Summoning                4
Comestibles
 c - a meat ration


   Skills:
 - Level 2.6 Dodging
 - Level 2.6 Stealth
 - Level 2.0 Spellcasting
 + Level 4.4 Summonings


You had 3 spell levels left.
You knew the following spells:

 Your Spells              Type           Power        Failure   Level  Hunger
a - Summon Small Mammal   Summ           ###.         4%          1    #......


Dungeon Overview and Level Annotations

Branches:
Dungeon (2/15)

Altars:


Innate Abilities, Weirdness & Mutations

You cannot wear armour.
You are incapable of wielding weapons or throwing items.
You have razor-sharp teeth.
You have supernaturally acute eyesight.
You are carnivorous and can eat meat at any time.
You cover ground quickly.
You are covered in fur (AC +1).
You have a slow metabolism.
Your paws have sharp claws that are effective at stabbing.


Message History

The bat closely misses you. The bat hits you.
There is an open door here.
The bat hits you.
* * * LOW HITPOINT WARNING * * *
Casting: Summon Small Mammal
Confirm with . or Enter, or press ? or * to list all spells.
The bat hits you but does no damage. x2
Unknown command.
Casting: Summon Small Mammal
Confirm with . or Enter, or press ? or * to list all spells.
The bat completely misses you.
Your bat barely misses the bat.
Unknown command.
Casting: Summon Small Mammal
Confirm with . or Enter, or press ? or * to list all spells.
The bat hits you.
* * * LOW HITPOINT WARNING * * *
Your bat closely misses the bat.
Unknown command.
You swap places.
The bat hits you.
You die...

.. ... #...####
#......# ##......# ..
........+ #.###
........b##### ......
......$.r@...# ......
.......bb#.#.#.......#
........+.#.##..#...
##......###.....#.###
#......#####.......#
#......+...........#
......#####.##.#..#
.....# #.....####.#
..# #..........#


You could see a bat, a friendly quokka and 2 friendly bats.

Vanquished Creatures
  A bat (D:2)
  A giant cockroach (D:1)
  A giant newt (D:1)
  A kobold (D:2)
4 creatures vanquished.

Vanquished Creatures (collateral kills)
  A goblin (D:1)
  A hobgoblin (D:1)
  A kobold (D:1)
  2 rats
5 creatures vanquished.

Grand Total: 9 creatures vanquished

Notes
Turn   | Place    | Note
--------------------------------------------------------------
     0 | D:1      | timbw, the Felid Summoner, began the quest for the Orb.
     0 | D:1      | Reached XP level 1. HP: 7/7 MP: 4/4
   238 | D:2      | Slain by a bat

Action                   || total
-------------------------++-------
Melee: Unarmed           ||    10
 Cast: Summon Small Mamm ||    11
 Stab: Sleeping          ||     1
  Eat: Chunk             ||     2
